Map: Disco Bloodbath LE

Players

Djorn

  • Race: Protoss Protoss
  • Spawn Location: 3:00

Nightstyle - Winner!

  • Race: Terran Terran
  • League: Silver
  • Spawn Location: 9:00

VOD

Have the link to the VOD?

Description

Time

  • Played on: Aug. 23, 2019, 11:38 p.m.
  • Length: 9:54
Show
View Real Time Build Order
Export as new Build Order

Djorn Protoss 

Build Orders:  

Get SALT Encoding   

  12  0:07  Probe  
  13  0:19  Probe  
  14  0:27  Pylon  
  14  0:31  Probe  
  15  0:41  Probe  
  15  0:49  Gateway, Probe  
  17  1:02  Assimilator  
  17  1:06  Probe  
  18  1:18  Probe  
  19  1:31  Probe  
  20  1:43  Probe  
  21  1:55  Probe  
  22  2:02  Assimilator  
  21  2:17  Cybernetics Core  
  21  2:24  Gateway  
  21  2:27  Pylon  
  21  2:34  Pylon  
  21  2:52  Nexus  
  21  2:53  Warp Gate  
  21  3:03  Robotics Facility  
  21  3:12  Pylon  
  21  3:13  Adept  
  21  3:19  Adept  
  25  3:40  Adept  
  25  3:43  Probe  
  25  3:44  Immortal  
  25  3:46  Adept  
  34  3:55  Probe  
  34  4:02  Probe  
  35  4:08  Probe  
  37  4:10  Probe  
  38  4:19  Probe  
  39  4:28  Probe  
  39  4:32  Probe  
  39  4:35  Immortal  
  39  4:36  Probe  
  45  4:42  Pylon  
  45  4:44  Probe  
  47  4:45  Probe  
  48  4:58  Gateway, Probe  
  49  5:00  Gateway  
  49  5:04  Immortal  
  49  5:07  Pylon  
  49  5:11  Pylon  
  49  5:12  Probe  
  54  5:24  Probe  
  55  5:32  Twilight Council  
  55  5:36  Forge, Probe  
  55  5:38  Forge  
  56  5:44  Observer, Pylon  
  56  5:49  Probe  
  58  5:52  Assimilator  
  58  5:54  Zealot x2  
  58  5:55  Zealot  
  64  6:01  Probe  
  65  6:06  Immortal  
  65  6:11  Adept  
  71  6:18  Adept x3  
  77  6:28  Pylon  
  77  6:34  Gateway  
  77  6:39  Templar Archives  
  77  6:41  Protoss Ground Weapons Level 1  
  77  6:46  Protoss Ground Armor Level 1  
  77  7:06  Stalker  
  77  7:07  Stalker x2  
  83  7:17  Stalker  
  83  7:22  Assimilator  
  55  7:55  Zealot x3  
  55  7:56  Zealot x2  
  63  8:21  Stalker  
  63  8:22  Stalker x3  
  69  8:40  Zealot  
  71  8:44  Zealot  
  71  8:45  Zealot x3  
  79  8:57  Probe  
  80  9:09  Probe  
  81  9:21  Probe  
  61  9:33  Probe  
  41  9:49  Zealot x5  
Show
View Real Time Build Order
Export as new Build Order

Nightstyle Terran - Winner!

Build Orders:  

Get SALT Encoding   

  12  0:01  SCV  
  13  0:15  SCV  
  14  0:22  Supply Depot  
  14  0:31  SCV  
  15  0:44  SCV  
  15  0:48  Barracks  
  16  0:52  Supply Depot  
  16  0:56  SCV  
  17  1:08  SCV  
  18  1:14  Barracks  
  18  1:20  Refinery, SCV  
  19  1:35  SCV  
  19  1:38  Marine  
  21  1:47  SCV  
  22  2:01  Command Center  
  22  2:06  Marine x2  
  24  2:19  SCV  
  25  2:23  Marine  
  25  2:24  Marine  
  25  2:29  Supply Depot  
  27  2:31  SCV  
  28  2:41  Marine  
  28  2:42  Marine  
  28  2:43  SCV, Engineering Bay  
  31  2:56  Orbital Command  
  31  2:59  Marine  
  31  3:00  Marine  
  31  3:04  Refinery  
  33  3:17  Marine x2  
  35  3:25  Factory  
  35  3:28  Orbital Command  
  36  3:34  SCV  
  36  3:38  Supply Depot  
  36  3:45  Missile Turret  
  36  3:51  SCV  
  36  3:53  Marine x2  
  39  4:01  SCV  
  40  4:04  SCV  
  40  4:09  Supply Depot  
  41  4:11  Factory Tech Lab, Marine x2  
  43  4:18  Starport  
  43  4:20  SCV  
  43  4:21  SCV  
  45  4:30  Armory  
  45  4:32  SCV  
  45  4:33  Marine, SCV  
  45  4:35  Marine  
  49  4:43  Siege Tank  
  52  4:50  Supply Depot  
  52  4:51  Marine  
  53  4:59  SCV x2  
  55  5:06  Starport Reactor  
  55  5:12  Marine x2  
  57  5:15  Factory  
  57  5:28  Supply Depot  
  57  5:29  SCV  
  57  5:30  Marine x2  
  57  5:32  Terran Vehicle Weapons Level 1  
  60  5:39  Siege Tank  
  63  5:43  SCV x2  
  63  5:48  Marine x2  
  63  5:49  Medivac  
  69  5:52  Supply Depot  
  69  5:56  Medivac  
  71  6:02  Refinery  
  71  6:04  Refinery, SCV x2  
  72  6:05  Marine x2  
  72  6:08  Factory Tech Lab  
  75  6:23  Marine x2  
  75  6:25  Command Center  
  77  6:47  Supply Depot  
  77  6:49  Thor  
  83  7:02  Thor  
  89  7:09  Supply Depot  
  89  7:12  Viking  
  91  7:24  Thor  
  91  7:32  Supply Depot  
  89  7:48  Thor  
  93  8:02  Factory Tech Lab  
  86  8:10  SCV x2  
  86  8:12  Orbital Command  
  85  8:20  Refinery  
  85  8:24  Supply Depot  
  84  8:32  Armory  
  81  8:37  Fusion Core  
  81  8:42  Factory  
  81  8:46  Refinery, Thor  
  81  8:47  Supply Depot  
  87  8:50  Thor  
  93  9:09  Supply Depot  
  93  9:14  Viking x2  
  66  9:33  Supply Depot  
Tags
 
League
Silver
Matchup
PvT
Replay Pack
sc2replays
Spawn Locations
Cross Positions
Add a new tag
Caveats
  • Supply blocks, unpowered buildings, or Contaminate may cause inaccurate times.
  • Supply counts are checked every 10 seconds.